 Dungeon Crawl Stone Soup version 0.30-a0-21-g5d08c37080 (webtiles) character file.

Game seed: 11273741231470471662

4090 Plasmagod the Cleaver (level 10, -10/69 HPs)
             Began as a Demonspawn Gladiator on Aug 24, 2022.
             Mangled by a two-headed ogre
             ... wielding a +0 giant club
              (31 damage)
             ... on level 9 of the Dungeon.
             The game lasted 00:10:53 (9180 turns).

Plasmagod the Cleaver (Demonspawn Gladiator)        Turns: 9180, Time: 00:10:55

Health: -10/69     AC: 10    Str: 19    XL:     10   Next: 5%
Magic:  10/10      EV: 10    Int: 10    God:
Gold:   386        SH:  0    Dex: 14    Spells: 9/9 levels left

rFire   . . .      SeeInvis +    q - +5 war axe of Dithmenos's Grace {vorpal, rC++}
rCold   + + .      Faith    .    (no shield)
rNeg    + . .      Spirit   .    z - +0 scale mail {rN+}
rPois   .          Reflect  .    c - +0 helmet
rElec   .          Harm     .    (no cloak)
rCorr   +          Rampage  .    (no gloves)
Will    .....                    E - +1 pair of boots
Stlth   ..........               F - amulet of regeneration
HPRegen 1.01/turn                n - ring of see invisible
MPRegen 0.24/turn                a - ring of resist corrosion

@: no status effects
A: rugged brown scales 1, spiny 1, magic regeneration
a: no special abilities


You were on level 9 of the Dungeon.
You visited 2 branches of the dungeon, and saw 10 of its levels.
You also visited: Sewer.

You collected 642 gold pieces.
You spent 256 gold pieces at shops.

Inventory:

Hand Weapons
 q - the +5 war axe of Dithmenos's Grace (weapon) {vorpal, rC++}
   (You found it on level 2 of the Dungeon)

   It inflicts extra damage upon your enemies.
   rC:        It greatly protects you from cold.
Missiles
 d - 4 throwing nets (quivered)
 e - a javelin
Armour
 c - a +0 helmet (worn)
 z - a +0 scale mail of positive energy (worn)
 E - a +1 pair of boots (worn)
Jewellery
 a - a ring of resist corrosion (right hand)
 l - a ring of poison resistance
 n - a ring of see invisible (left hand)
 w - a ring of fire
 F - an amulet of regeneration (around neck)
Wands
 x - a wand of flame (28)
Scrolls
 b - 3 scrolls of poison {unknown}
 h - 13 scrolls of identify {unknown}
 j - 2 scrolls of summoning {unknown}
 o - 4 scrolls of noise {unknown}
 s - 2 scrolls of teleportation {unknown}
 t - 5 scrolls of fear {unknown}
 u - 3 scrolls of magic mapping {unknown}
 y - 3 scrolls of enchant armour {unknown}
 A - a scroll of immolation {unknown}
 B - a scroll of fog {unknown}
 G - a scroll of vulnerability {unknown}
 H - a scroll of torment {unknown}
Potions
 f - 3 potions of lignification {unknown}
 g - 3 potions of degeneration {unknown}
 i - a potion of invisibility {unknown}
 k - a potion of heal wounds {unknown}
 m - 2 potions of resistance
 p - 2 potions of curing {unknown}
 r - 4 potions of haste {unknown}
 v - a potion of mutation {unknown}
 C - a potion of brilliance {unknown}
 D - a potion of flight {unknown}


   Skills:
 - Level 2.0 Fighting
 + Level 13.5 Axes
 - Level 1.7 Throwing
 - Level 2.6 Dodging


You had 9 spell levels left.
You didn't know any spells.
Your spell library contained the following spells:

 Spells                   Type           Power      Damage    Failure   Level
 Sublimation of Blood     Necr           0%         N/A       88%         2
 Airstrike                Air            0%         2d(0-16)  100%        4
 Leda's Liquefaction      Hex/Erth       0%         N/A       100%        4
 Petrify                  Tmut/Erth      0%         N/A       100%        4
 Summon Lightning Spire   Summ/Air       0%         N/A       100%        4
 Irradiate                Conj/Tmut      0%         3d11      100%        5
 Lee's Rapid Deconstruct  Erth           0%         3d5*      100%        5
 Lightning Bolt           Conj/Air       0%         1d11      100%        5
 Statue Form              Tmut/Erth      0%         N/A       100%        6
 Storm Form               Tmut/Air       0%         N/A       100%        7
 Maxwell's Capacitive Co  Air            0%         ∞         100%        8


Dungeon Overview and Level Annotations

Branches:
Dungeon (9/15)             Temple (1/1) D:5            Lair (0/5) D:9
  Sewer (visited)
    Orc: D:9-12

Altars:
Ashenzari
Cheibriados
Dithmenos
Fedhas
Gozag
Hepliaklqana
Kikubaaqudgha
Makhleb
Nemelex Xobeh
Okawaru
Qazlal
Ru
Sif Muna
Trog
Uskayaw
Vehumet
Wu Jian
Xom
Yredelemnul

Shops:
D:6 [

Annotations:
D:8 2 transporters, Smoky173's ghost, novice DrGl


Innate Abilities, Weirdness & Mutations

You are partially covered in rugged brown scales. (AC +1, +3% HP)
You are partially covered in sharp spines.
You regenerate magic rapidly.


Message History

You slash the gnoll bouda!
You kill the gnoll bouda!
You slash the gnoll!
You kill the gnoll!
The gnoll hits you from afar with a +0 spear.
The gnoll closely misses you.
You see here a +0 spear.
You slash the gnoll!
The gnoll is almost dead.
The gnoll hits you with a +0 spear.
You slash the gnoll!
You kill the gnoll!
HP restored.
t - 4 scrolls labelled AGU AHUMAMY (gained 1)
d - 4 throwing nets (gained 1)
H - a scroll labelled RUSAEFF UNEANN
Found a ring mail.
t - 5 scrolls labelled AGU AHUMAMY (gained 1)
Found a stone staircase leading down.
A sourceless malevolence fills the Dungeon... and a teleportation trap spontaneously manifests!
You are yanked towards a nearby monster!
Your surroundings suddenly seem different.
A two-headed ogre comes into view.
It is wielding a +0 giant club and a +0 giant spiked club.
The two-headed ogre shouts in stereo!
You completely miss the two-headed ogre.
You slash the two-headed ogre!
The two-headed ogre is moderately wounded.
The two-headed ogre completely misses you.
The two-headed ogre hits you with a +0 giant spiked club.
You hit the two-headed ogre.
The two-headed ogre is heavily wounded.
The two-headed ogre hits you with a +0 giant club!!
The two-headed ogre hits you with a +0 giant spiked club!!
* * * LOW HITPOINT WARNING * * *
You barely miss the two-headed ogre.
The two-headed ogre is moderately wounded.
You slash the two-headed ogre!
The two-headed ogre is severely wounded.
The two-headed ogre hits you with a +0 giant club!!
You die...

.
..########
.........#
.#.#.#O#.#
.......@.#
.#.#.#.#.#
.........#
.#.#.#.#..
..........#
.#.#.#.#..#
..........#
####.##...#


You could see a two-headed ogre.

Vanquished Creatures
  Pikel (D:5)
  A hornet (D:9)
  Grinder (D:3)
  A shadow (D:6)
  A steam dragon (D:7)
  3 water moccasins
  3 orc warriors (D:8)
  A sky beast (D:7)
  Pargi (Sewer)
  2 ice beasts
  3 black bears
  2 centaurs
  A kobold brigand (D:8)
  2 lemures (D:5)
  2 bullfrogs
  4 scorpions
  4 killer bees (D:8)
  2 howler monkeys
  A jelly (D:6)
  5 hounds
  4 orc priests
  A gnoll bouda (D:9)
  4 iguanas
  3 orc wizards
  Robin (D:4)
  7 gnolls
  6 adders
  3 river rats (D:3)
  A shadow imp (D:6)
  3 white imps
  An ufetubus (D:6)
  6 worms
  2 dart slugs
  38 orcs
  8 bats
  18 endoplasms
  3 giant cockroaches
  22 goblins
  9 hobgoblins
  A jackal (D:2)
  10 kobolds
  2 quokkas
  13 ball pythons
  5 frilled lizards (Sewer)
  8 rats
220 creatures vanquished.

Vanquished Creatures (others)
  A bush (D:6)
  A plant (D:8)
2 creatures vanquished.

Grand Total: 222 creatures vanquished

Notes
Turn   | Place    | Note
-------+----------+-------------------------------------------
     0 | D:1      | Plasmagod the Demonspawn Gladiator began the quest for the
                  | Orb.
     0 | D:1      | Reached XP level 1. HP: 16/16 MP: 1/1
   188 | D:1      | Reached skill level 3 in Axes
   262 | D:1      | Gained mutation: You are partially covered in rugged brown
                  | scales. (AC +1, +3% HP) [demonic ancestry]
   262 | D:1      | Reached XP level 2. HP: 15/22 MP: 2/2
   589 | D:1      | Found a faded altar of an unknown god.
  1063 | D:1      | Reached XP level 3. HP: 27/27 MP: 3/3
  1457 | D:2      | Reached skill level 4 in Axes
  1799 | D:2      | Identified the +5 war axe of Dithmenos's Grace {vorpal,
                  | rC++}
  2183 | D:3      | Gained mutation: You are partially covered in sharp spines.
                  | [demonic ancestry]
  2183 | D:3      | Reached XP level 4. HP: 33/33 MP: 4/4
  2249 | D:3      | Found a glowing drain.
  2257 | Sewer    | Entered a sewer
  2264 | Sewer    | Reached skill level 5 in Axes
  2329 | Sewer    | Noticed Pargi
  2338 | Sewer    | Killed Pargi
  2339 | Sewer    | Reached XP level 5. HP: 28/39 MP: 5/5
  2897 | D:3      | Noticed Grinder
  2909 | D:3      | Killed Grinder
  2910 | D:3      | Reached skill level 6 in Axes
  2910 | D:3      | Reached XP level 6. HP: 41/45 MP: 6/6
  3055 | D:3      | Found an iron altar of Okawaru.
  3058 | D:3      | Reached skill level 7 in Axes
  3514 | D:4      | Noticed Robin
  3522 | D:4      | Killed Robin
  3532 | D:4      | Reached XP level 7. HP: 49/51 MP: 7/7
  4155 | D:5      | Entered Level 5 of the Dungeon
  4224 | D:5      | Reached skill level 8 in Axes
  4254 | D:5      | Found a staircase to the Ecumenical Temple.
  4262 | Temple   | Entered the Ecumenical Temple
  4524 | D:5      | Noticed Pikel
  4538 | D:5      | Killed Pikel
  4539 | D:5      | Reached skill level 9 in Axes
  4539 | D:5      | Reached XP level 8. HP: 18/57 MP: 8/8
  4758 | D:5      | Found a shimmering altar of Xom.
  4888 | D:5      | Found a sacrificial altar of Ru.
  5466 | D:6      | Reached skill level 10 in Axes
  5723 | D:6      | Found Husakliyni's Antique Armour Shoppe.
  5729 | D:6      | Bought a crude chain mail for 256 gold pieces
  5729 | D:6      | Identified the +2 chain mail of Dearox {Int+4} (You bought
                  | it in a shop on level 6 of the Dungeon)
  6444 | D:6      | Found a radiant altar of Vehumet.
  6449 | D:6      | Reached skill level 11 in Axes
  6519 | D:6      | Reached XP level 9. HP: 59/62 MP: 9/9
  7273 | D:7      | Found a basalt altar of Yredelemnul.
  7573 | D:7      | Found a blossoming altar of Fedhas.
  7637 | D:7      | Reached skill level 12 in Axes
  7966 | D:8      | Identified the +3 leather armour of Axuexzom {Stlth+}
  7969 | D:8      | Found a broken altar of Ashenzari.
  8389 | D:8      | Found a transporter.
  8414 | D:8      | Reached skill level 13 in Axes
  8630 | D:8      | Found a bloodstained altar of Trog.
  8638 | D:8      | Identified the +5 short sword of Lacixux {vorpal, rPois}
  8652 | D:8      | Noticed a moth of wrath
  8653 | D:8      | Found a transporter.
  8653 | D:8      | Noticed Smoky173's ghost (novice DrGl)
  9048 | D:9      | Found a staircase to the Lair.
  9055 | D:9      | Gained mutation: You regenerate magic rapidly. [demonic
                  | ancestry]
  9055 | D:9      | Reached XP level 10. HP: 22/69 MP: 10/10
  9175 | D:9      | Noticed a two-headed ogre
  9180 | D:9      | Mangled by a two-headed ogre

Illustrated notes

Levels and vault maps discovered:
D:1:      dpeg_arrival_fog, layout_basic, basic_ecumenical_altar
D:2:      layout_rooms, minmay_split_cup_small
D:3:      layout_loops_ring, okawaru_altar_gauntlet_db,
          lightli_sewer_entry_pipes, chequers_serial_rivers_large_b,
          uniq_grinder
D:4:      kennysheep_the_goblin_king, layout_basic, uniq_robin
D:5:      layout_basic, nicolae_ru_awakened_eye, general_overflow_altar,
          minmay_temple_entry_ruins, kennysheep_generic_room_13, uniq_pikel
D:6:      layout_loops_corners, nicolae_vehumet_altar_sigil,
          amcnicky_altar_gilded, serial_shops, shop, kb_lookout_dungeons_type,
          dreamdust_wishing_well, nicolae_fountain_basement
D:7:      layout_basic, mainiacjoe_overflow_alcove_1,
          mainiacjoe_overflow_chevrons, lemuel_doored_altar, nrook_campfire
D:8:      layout_cave_pods, mainiacjoe_overflow_brackets, special_room
          [special_room_orc], gammafunk_ghost_wrathful_warriors,
          serial_bayou_pond_b, corexii_leaking_fountain
D:9:      layout_rooms, lair_entry_dummy, serial_shops, nicolae_square_shop,
          serial_glass, glass_columns_b, glass_columns_c, glass_columns_a,
          glass_columns_b, glass_columns_c, glass_columns_c,
          roderic_roman_lattice, uniq_prince_ribbit1
Temple:   nicolae_temple_god_jail

Skill      XL: |  1  2  3  4  5  6  7  8  9 |
---------------+----------------------------+-----
Axes           | 3 4 5 6 7 9 11 13 | 13.5
Fighting       | |  2.0
Throwing       | |  1.7
Dodging        | |  2.6

Action                   |  1- 3 |  4- 6 |  7- 9 | 10-12 || total
-------------------------+-------+-------+-------+-------++-------
Melee: War axe           |   114 |   100 |   226 |    12 ||   452
       Punch             |     1 |       |     1 |       ||     2
 Stab: Sleeping          |     2 |       |       |       ||     2
Armor: Leather armour    |    13 |       |       |       ||    13
       Ring mail         |    24 |    33 |     6 |       ||    63
       Scale mail        |       |       |    80 |     1 ||    81
Dodge: Dodged            |    77 |    47 |    82 |     2 ||   208

Table legend: (Time is in decaauts)
 A = Elapsed time spent in this place.
 B = Non-inter-level travel time spent in this place.
 C = Inter-level travel time spent in this place.
 D = Time resting spent in this place.
 E = Time spent auto-exploring this place.
 F = Levels seen in this place.
 G = Mean time per level.
                   A        B        C        D        E       F      G
               +--------+--------+--------+--------+--------+-----+--------+
         Total |   9325 |   8976 |    349 |    285 |   7380 |  11 |  847.7 |
       Dungeon |   9003 |   8654 |    349 |    285 |   7158 |   9 | 1000.3 |
        Temple |     54 |     54 |      0 |      0 |     29 |   1 |   54.0 |
         Sewer |    267 |    267 |      0 |      0 |    193 |   1 |  267.0 |
               +--------+--------+--------+--------+--------+-----+--------+

Top non-repeatable levels by time:
     D:6: 1622 daAuts
     D:1: 1347 daAuts
     D:5: 1308 daAuts
     D:8: 1146 daAuts
     D:3: 1026 daAuts
     D:4: 901 daAuts
     D:7: 821 daAuts
     D:2: 765 daAuts
   Sewer: 267 daAuts
     D:9: 64 daAuts
  Temple: 54 daAuts
